DBL
KANSAS CITY ROYALS @ CINCINNATI REDS
04/04/1997
 
TOP OF THE 1ST
Kansas City Royals batting - Pitching for Cincinnati Reds : LHP Jim Abbott
Pitching: LHP Jim Abbott
Batting: RHB Reggie L. Sanders 0-0: Ball
1-0: Ball
2-0: Called Strike
2-1: Ball
3-1: Foul Ball, location: 2F
3-2: Strikes out swinging
Batting: SHB Quilvio Veras 0-0: Called Strike
0-1: Swinging Strike
0-2: Strikes out swinging
Batting: RHB Barry Larkin 0-0: Called Strike
0-1: Ground out 6-3 (Groundball, 6, EV 85.0 MPH)
Top of the 1st over - 0 runs, 0 hits, 0 errors, 0 left on base; Kansas City 0 - Cincinnati 0
BOTTOM OF THE 1ST
Cincinnati Reds batting - Pitching for Kansas City Royals : LHP Rheal Cormier
Pitching: LHP Rheal Cormier
Batting: LHB Fernando Vina 0-0: Called Strike
0-1: Ground out 4-3 (Groundball, 4, EV 90.6 MPH)
Batting: SHB Bernie Williams 0-0: Ball
1-0: Called Strike
1-1: Ball
2-1: Ball
3-1: Base on Balls
Batting: RHB Scott Rolen 0-0: Called Strike
0-1: Ball
1-1: Called Strike
1-2: Strikes out looking
Batting: RHB Javy Lopez 0-0: Ball
1-0: Fly out, F8 (Flyball, 8LS, EV 86.9 MPH)
Bottom of the 1st over - 0 runs, 0 hits, 0 errors, 1 left on base; Kansas City 0 - Cincinnati 0
TOP OF THE 2ND
Kansas City Royals batting - Pitching for Cincinnati Reds : LHP Jim Abbott
Batting: LHB Jim Thome 0-0: Called Strike
0-1: Foul Ball, location: 2F
0-2: Ball
1-2: Foul Ball, location: 2F
1-2: Foul Ball, location: 2F
1-2: Ball
2-2: Ground out 1-3 (Groundball, 13, EV 72.5 MPH)
Batting: RHB Richard Hidalgo 0-0: Foul Ball, location: 2F
0-1: Ball
1-1: Ball
2-1: Fly out, F4 (Flyball, 4D, EV 81.9 MPH)
Batting: RHB Randy Milligan 0-0: Foul Ball, location: 2F
0-1: Swinging Strike
0-2: Foul Ball, location: 2F
0-2: Ball
1-2: Ball
2-2: Foul Ball, location: 2F
2-2: Foul Ball, location: 2F
2-2: Foul Ball, location: 2F
2-2: Ground out 4-3 (Groundball, 4, EV 100.0 MPH)
Top of the 2nd over - 0 runs, 0 hits, 0 errors, 0 left on base; Kansas City 0 - Cincinnati 0
BOTTOM OF THE 2ND
Cincinnati Reds batting - Pitching for Kansas City Royals : LHP Rheal Cormier
Batting: LHB Fred McGriff 0-0: Ball
1-0: Swinging Strike
1-1: Foul Ball, location: 2F
1-2: Ground out 1-3 (Groundball, 13S, EV 66.9 MPH)
Batting: SHB Omar Vizquel 0-0: Called Strike
0-1: Called Strike
0-2: Strikes out looking
Batting: SHB Scott Spiezio 0-0: Ball
1-0: Ball
2-0: Ball
3-0: Called Strike
3-1: Base on Balls
Batting: LHB Bobby Higginson 0-0: Called Strike
0-1: Swinging Strike
0-2: Ball
1-2: Ball
2-2: Foul Ball, location: 2F
2-2: Strikes out swinging
Bottom of the 2nd over - 0 runs, 0 hits, 0 errors, 1 left on base; Kansas City 0 - Cincinnati 0
TOP OF THE 3RD
Kansas City Royals batting - Pitching for Cincinnati Reds : LHP Jim Abbott
Batting: RHB Tony Eusebio 0-0: Foul Ball, location: 2F
0-1: Ball
1-1: Ball
2-1: Foul Ball, location: 2F
2-2: Ground out 3-1 (Groundball, 34, EV 84.4 MPH)
Batting: RHB Andruw Jones 0-0: Ball
1-0: Swinging Strike
1-1: Swinging Strike
1-2: Foul Ball, location: 2F
1-2: SOLO HOME RUN (Flyball, 78XD, EV 90.6 MPH), Distance : 385 ft
Batting: RHB Tim Naehring 0-0: Called Strike
0-1: Swinging Strike
0-2: Ball
1-2: Strikes out swinging
Batting: RHB Reggie L. Sanders 0-0: Called Strike
0-1: Ball
1-1: Ball
2-1: Foul Ball, location: 2F
2-2: Foul Ball, location: 2F
2-2: Strikes out swinging
Top of the 3rd over - 1 run, 1 hit, 0 errors, 0 left on base; Kansas City 1 - Cincinnati 0
BOTTOM OF THE 3RD
Cincinnati Reds batting - Pitching for Kansas City Royals : LHP Rheal Cormier
Batting: SHB Dwayne Hosey 0-0: Called Strike
0-1: Ball
1-1: Foul Ball, location: 2F
1-2: Ball
2-2: Strikes out swinging
Batting: LHB Fernando Vina 0-0: Ball
1-0: Ground out 6-3 (Groundball, 6M, EV 88.8 MPH)
Batting: SHB Bernie Williams 0-0: Called Strike
0-1: Called Strike
0-2: Ball
1-2: Foul Ball, location: 2F
1-2: Foul Ball, location: 2F
1-2: Ball
2-2: Ground out 2-3 (Groundball, 2R, EV 68.1 MPH)
Bottom of the 3rd over - 0 runs, 0 hits, 0 errors, 0 left on base; Kansas City 1 - Cincinnati 0
TOP OF THE 4TH
Kansas City Royals batting - Pitching for Cincinnati Reds : LHP Jim Abbott
Batting: SHB Quilvio Veras 0-0: Fly out, F1 (Line Drive, P, EV 66.9 MPH)
Batting: RHB Barry Larkin 0-0: Ball
1-0: SOLO HOME RUN (Line Drive, 7D, EV 95.6 MPH), Distance : 372 ft
Batting: LHB Jim Thome 0-0: Ball
1-0: Ground out U3 (Groundball, 3L, EV 92.5 MPH)
Batting: RHB Richard Hidalgo 0-0: Foul Ball, location: 2F
0-1: Ball
1-1: Foul Ball, location: 2F
1-2: Ball
2-2: SINGLE (Groundball, 56D, EV 103.8 MPH)
Batting: RHB Randy Milligan 0-0: Called Strike
0-1: Ball
1-1: Fly out, F9 (Flyball, 9, EV 93.8 MPH)
Top of the 4th over - 1 run, 2 hits, 0 errors, 1 left on base; Kansas City 2 - Cincinnati 0
BOTTOM OF THE 4TH
Cincinnati Reds batting - Pitching for Kansas City Royals : LHP Rheal Cormier
Batting: RHB Scott Rolen 0-0: Called Strike
0-1: Swinging Strike
0-2: Ball
1-2: Foul Ball, location: 2F
1-2: Foul Ball, location: 2F
1-2: Ball
2-2: Foul Ball, location: 2F
2-2: Ball
3-2: Fly out, F6 (Line Drive, 6, EV 60.6 MPH)
Batting: RHB Javy Lopez 0-0: Called Strike
0-1: Foul Ball, location: 2F
0-2: Ground out U3 (Groundball, 34S, EV 81.9 MPH)
Batting: LHB Fred McGriff 0-0: Called Strike
0-1: Called Strike
0-2: Ground out 6-3 (Groundball, 6, EV 78.8 MPH)
Bottom of the 4th over - 0 runs, 0 hits, 0 errors, 0 left on base; Kansas City 2 - Cincinnati 0
TOP OF THE 5TH
Kansas City Royals batting - Pitching for Cincinnati Reds : LHP Jim Abbott
Batting: RHB Tony Eusebio 0-0: Called Strike
0-1: Ball
1-1: Ball
2-1: Foul Ball, location: 2F
2-2: Strikes out looking
Batting: RHB Andruw Jones 0-0: Ball
1-0: Ground out U3 (Groundball, 34, EV 110.6 MPH)
Batting: RHB Tim Naehring 0-0: Swinging Strike
0-1: Foul Ball, location: 2F
0-2: Ball
1-2: Fly out, F8 (Flyball, 8LXD, EV 100.0 MPH)
Top of the 5th over - 0 runs, 0 hits, 0 errors, 0 left on base; Kansas City 2 - Cincinnati 0
BOTTOM OF THE 5TH
Cincinnati Reds batting - Pitching for Kansas City Royals : LHP Rheal Cormier
Batting: SHB Omar Vizquel 0-0: Called Strike
0-1: Swinging Strike
0-2: Ball
1-2: Foul Ball, location: 2F
1-2: Ball
2-2: Strikes out swinging
Batting: SHB Scott Spiezio 0-0: Called Strike
0-1: Foul Ball, location: 2F
0-2: Hit by Pitch
Batting: LHB Bobby Higginson Pickoff Throw to First - Out! 1-3
0-0: Ball
1-0: Ball
2-0: Called Strike
2-1: Called Strike
2-2: Strikes out swinging
Bottom of the 5th over - 0 runs, 0 hits, 0 errors, 0 left on base; Kansas City 2 - Cincinnati 0
TOP OF THE 6TH
Kansas City Royals batting - Pitching for Cincinnati Reds : LHP Jim Abbott
Batting: RHB Reggie L. Sanders 0-0: Called Strike
0-1: Called Strike
0-2: Fly out, F8 (Flyball, 89D, EV 98.8 MPH)
Batting: SHB Quilvio Veras 0-0: Fly out, F9 (Flyball, 89D, EV 91.3 MPH)
Batting: RHB Barry Larkin 0-0: Called Strike
0-1: Ball
1-1: Foul Ball, location: 2F
1-2: Ground out 5-3 (Groundball, 56S, EV 79.4 MPH)
Top of the 6th over - 0 runs, 0 hits, 0 errors, 0 left on base; Kansas City 2 - Cincinnati 0
BOTTOM OF THE 6TH
Cincinnati Reds batting - Pitching for Kansas City Royals : LHP Rheal Cormier
Batting: SHB Dwayne Hosey 0-0: Swinging Strike
0-1: Swinging Strike
0-2: Ground out 6-3 (Groundball, 6, EV 87.5 MPH)
Batting: LHB Fernando Vina 0-0: Foul Ball, location: 2F
0-1: Ball
1-1: Ground out 1-3 (Groundball, 23, EV 91.3 MPH)
Batting: SHB Bernie Williams 0-0: Ball
1-0: Foul Ball, location: 2F
1-1: Called Strike
1-2: Foul Ball, location: 2F
1-2: Ball
2-2: Ball
3-2: Foul Ball, location: 2F
3-2: Foul Ball, location: 2F
3-2: Ground out U3 (Groundball, 3, EV 86.3 MPH)
Bottom of the 6th over - 0 runs, 0 hits, 0 errors, 0 left on base; Kansas City 2 - Cincinnati 0
TOP OF THE 7TH
Kansas City Royals batting - Pitching for Cincinnati Reds : LHP Jim Abbott
Batting: LHB Jim Thome 0-0: Ball
1-0: Ball
2-0: Ball
3-0: Base on Balls
Batting: RHB Richard Hidalgo 0-0: Swinging Strike
0-1: Ball
1-1: Ball
2-1: Ball
3-1: Foul Ball, location: 2F
3-2: Foul Ball, location: 2F
3-2: Fly out, F8 (Line Drive, 78M, EV 100.0 MPH)
Batting: RHB Randy Milligan 0-0: Ball
1-0: Called Strike
1-1: Swinging Strike
1-2: Fly out, F7 (Flyball, 7D, EV 96.3 MPH)
Batting: RHB Tony Eusebio 0-0: Ball
1-0: Swinging Strike
Jim Thome steals 2nd base
1-1: Foul Ball, location: 2F
1-2: Ball
2-2: Reached via error on a dropped throw from SS, E3 (Groundball, 56, EV 103.1 MPH)
Jim Thome to third
Batting: RHB Andruw Jones 0-0: Ball
1-0: Foul Ball, location: 2F
1-1: Foul Ball, location: 2F
1-2: SINGLE (Line Drive, 8RS, EV 107.5 MPH)
Jim Thome scores
Tony Eusebio to second
Batting: RHB Tim Naehring 0-0: Ball
1-0: Called Strike
1-1: SINGLE (Groundball, 56D, EV 101.3 MPH)
Tony Eusebio to third
Andruw Jones to second
Batting: RHB Reggie L. Sanders 0-0: Fielders Choice at 2nd, 5-4 (Groundball, 5L, EV 82.5 MPH)
Top of the 7th over - 1 run, 2 hits, 1 error, 3 left on base; Kansas City 3 - Cincinnati 0
BOTTOM OF THE 7TH
Cincinnati Reds batting - Pitching for Kansas City Royals : LHP Rheal Cormier
Batting: RHB Scott Rolen 0-0: Ball
1-0: Called Strike
1-1: Ball
2-1: Ball
3-1: Base on Balls
Batting: RHB Javy Lopez 0-0: Ball
1-0: Ball
2-0: Fly out, F1 (Line Drive, P, EV 71.9 MPH)
Batting: LHB Fred McGriff 0-0: Called Strike
0-1: Called Strike
Scott Rolen steals 2nd base
0-2: Ball
1-2: Ball
2-2: DOUBLE (Line Drive, 7LM, EV 103.8 MPH)
Scott Rolen scores
Batting: SHB Omar Vizquel 0-0: Ball
1-0: Ball
2-0: Ball
3-0: Base on Balls
Batting: SHB Scott Spiezio 0-0: Fly out, F8 (Flyball, 89D, EV 86.9 MPH)
Runner from 2nd tags up, SAFE at 3rd, no throw by CF
Batting: LHB Bobby Higginson 0-0: Ball
1-0: Foul Ball, location: 2F
1-1: Ball
2-1: Fly out, F8 (Flyball, 8RM, EV 76.3 MPH)
Bottom of the 7th over - 1 run, 1 hit, 0 errors, 2 left on base; Kansas City 3 - Cincinnati 1
TOP OF THE 8TH
Kansas City Royals batting - Pitching for Cincinnati Reds : LHP Jim Abbott
Batting: SHB Quilvio Veras 0-0: SINGLE (Groundball, 56, EV 97.5 MPH)
Batting: RHB Barry Larkin 0-0: Called Strike
0-1: Ball
1-1: Ball
2-1: Called Strike
2-2: SINGLE (Groundball, 56D, EV 96.3 MPH)
Quilvio Veras to second
Pitching: LHP Felix Heredia
Batting: LHB Jim Thome 0-0: Called Strike
0-1: Ball
1-1: Called Strike
1-2: Strikes out looking
Batting: RHB Richard Hidalgo 0-0: Ball
Barry Larkin is caught stealing 2nd base 2-4
Quilvio Veras steals 3rd base
1-0: Ball
2-0: Ground out 5-3 (Groundball, 56, EV 83.8 MPH)
Top of the 8th over - 0 runs, 2 hits, 0 errors, 1 left on base; Kansas City 3 - Cincinnati 1
BOTTOM OF THE 8TH
Cincinnati Reds batting - Pitching for Kansas City Royals : LHP Rheal Cormier
Batting: SHB Dwayne Hosey 0-0: Ball
1-0: SINGLE (Line Drive, 7S, EV 98.1 MPH)
Pitching: LHP Kevin Rogers
Batting: LHB Fernando Vina 0-0: Ball
1-0: Ball
2-0: Ball
3-0: Called Strike
3-1: Base on Balls
Dwayne Hosey to second
Batting: SHB Bernie Williams 0-0: Ball
1-0: Fly out, F8 (Flyball, 8RS, EV 88.1 MPH)
Batting: RHB Scott Rolen 0-0: Ball
1-0: Ball
2-0: Called Strike
2-1: Ball
3-1: Swinging Strike
3-2: Strikes out swinging
Batting: RHB Javy Lopez 0-0: Called Strike
0-1: DOUBLE (Line Drive, 9LM, EV 106.3 MPH)
Dwayne Hosey scores
Fernando Vina to third
Runner from 3rd tries for Home, SAFE, no throw by RF
Batting: LHB Fred McGriff 0-0: Ball
1-0: Fly out, F4 (Popup, 34, EV 48.1 MPH)
Bottom of the 8th over - 2 runs, 2 hits, 0 errors, 1 left on base; Kansas City 3 - Cincinnati 3
TOP OF THE 9TH
Kansas City Royals batting - Pitching for Cincinnati Reds : LHP Felix Heredia
Pitching: RHP Doug Henry
Batting: RHB Randy Milligan 0-0: Ball
1-0: Called Strike
1-1: Foul Ball, location: 2F
1-2: Ball
2-2: Strikes out swinging
Pinch Hitting: LHB Jeromy Burnitz 0-0: Ball
1-0: Called Strike
1-1: Swinging Strike
1-2: Foul Ball, location: 2F
1-2: Foul Ball, location: 2F
1-2: Strikes out swinging
Batting: RHB Andruw Jones 0-0: Ground out 6-3 (Groundball, 6, EV 86.9 MPH)
Top of the 9th over - 0 runs, 0 hits, 0 errors, 0 left on base; Kansas City 3 - Cincinnati 3
BOTTOM OF THE 9TH
Cincinnati Reds batting - Pitching for Kansas City Royals : LHP Kevin Rogers
Now at C: Rick Wilkins
Batting: SHB Omar Vizquel 0-0: Swinging Strike
0-1: Ball
1-1: Ball
2-1: Ball
3-1: Swinging Strike
3-2: Foul Ball, location: 2F
3-2: Base on Balls
Pitching: RHP Armando Benitez
Batting: SHB Scott Spiezio 0-0: Called Strike
0-1: Called Strike
0-2: Strikes out swinging
Batting: LHB Bobby Higginson 0-0: Ball
1-0: Foul Ball, location: 2F
1-1: Fielders Choice at 2nd, 4-6 (Groundball, 34, EV 105.6 MPH)
Pinch Hitting: LHB Matt Lawton 0-0: Ball
1-0: Foul Ball, location: 2F
1-1: Ball
2-1: 2-RUN HOME RUN (Flyball, 89XD, EV 95.0 MPH), Distance : 390 ft
Thursday, January 22nd, 2026 - OOTP Baseball 20.8 Build 74